 Dungeon Crawl Stone Soup version 0.27.0-1-g7a089689b8 (webtiles) character file.

Game seed: 1503907925633508915

5070 snetch the Cleaver (level 10, -5/136 HPs)
             Began as a Minotaur Berserker on Aug 3, 2021.
             Was an Elder of Trog.
             Hit by a large rock thrown by a cyclops (41 damage)
             ... on level 7 of the Dungeon.
             The game lasted 00:23:20 (7983 turns).

snetch the Cleaver (Minotaur Berserker)             Turns: 7983, Time: 00:23:20

Health: -5/136     AC: 14    Str: 24    XL:     10   Next: 31%
Magic:  9/9        EV:  9    Int:  4    God:    Trog [****..]
Gold:   416        SH:  0    Dex: 11    Spells: 9/9 levels left

rFire    + + .     SeeInvis +   a - +4 war axe
rCold    + . .     Faith    .   (no shield)
rNeg     . . .     Spirit   .   m - +0 chain mail {rF+}
rPois    .         Reflect  .   (helmet restricted)
rElec    .         Harm     .   (no cloak)
rCorr    .         Rampage  .   g - +0 pair of gloves
Will     ++...                  x - +0 pair of boots
Stlth    ..........             C - amulet of the acrobat
HPRegen  1.32/turn              f - ring of protection from fire
MPRegen  0.11/turn              y - ring "Iwutaif" {rC+ SInv}

@: berserking, strong-willed, regenerating, very quick
A: horns 2, retaliatory headbutt
a: Renounce Religion, Berserk, Trog's Hand, Brothers in Arms


You were on level 7 of the Dungeon.
You worshipped Trog.
Trog was greatly pleased with you.
You visited 2 branches of the dungeon, and saw 9 of its levels.

You collected 416 gold pieces.

Inventory:

Hand Weapons
 a - a +4 war axe (weapon)
 b - a +1 trident
 c - a -1 eveningstar
 d - a +1 vorpal hunting sling
 r - a +0 vorpal halberd
 R - a +0 bardiche
Missiles
 e - 69 arrows
 p - 3 throwing nets
 t - 4 boomerangs
 u - 3 silver boomerangs
 z - 311 stones
 F - 22 poisoned darts (quivered)
 G - 2 boomerangs of dispersal
Armour
 g - a +0 pair of gloves (worn)
 m - a +0 chain mail of fire resistance (worn)
 x - a +0 pair of boots (worn)
Jewellery
 f - a ring of protection from fire (left hand)
 k - a ring of willpower
 y - the ring "Iwutaif" (right hand) {rC+ SInv}
   (You found it on level 7 of the Dungeon)

   [ring of protection from cold]

   rC:        It protects you from cold.
   SInv:      It lets you see invisible.
 C - an amulet of the acrobat (around neck)
 I - a +6 ring of intelligence
Wands
 s - a wand of iceblast (4)
 D - a wand of polymorph (10)
Scrolls
 h - a scroll of enchant weapon {unknown}
 j - 2 scrolls of teleportation {unknown}
 l - a scroll of fog {unknown}
 v - 2 scrolls of holy word {unknown}
 w - 5 scrolls of identify {unknown}
 B - 3 scrolls of amnesia {unknown}
 T - 4 scrolls of noise {unknown}
Potions
 i - a potion of invisibility {unknown}
 n - 2 potions of berserk rage {unknown}
 o - 3 potions of attraction {unknown}
 q - a potion of curing {unknown}
 E - a potion of ambrosia {unknown}
 H - a potion of haste {unknown}
 J - 2 potions of flight {unknown}
 Q - a potion of degeneration {unknown}


   Skills:
 + Level 9.0 Fighting
 + Level 12.8 Axes
 + Level 1.3 Throwing
 + Level 9.6 Armour
 + Level 4.0 Dodging
 + Level 0.6 Stealth


You had 9 spell levels left.
You didn't know any spells.
Your spell library contained the following spells:

 Spells                   Type           Power      Damage    Failure   Level
 Corona                   Hex            0%         N/A       97%         1
 Ensorcelled Hibernation  Hex/Ice        0%         N/A       99%         2
 Inner Flame              Hex/Fire       0%         N/A       100%        3
 Tukima's Dance           Hex            0%         N/A       100%        3
 Cause Fear               Hex            0%         N/A       100%        4
 Discord                  Hex            0%         N/A       100%        8


Dungeon Overview and Level Annotations

Branches:
Dungeon (8/15)             Temple (1/1) D:5
   Lair: D:8-11

Altars:
Ashenzari
Cheibriados
Dithmenos
Elyvilon
Fedhas
Gozag
Hepliaklqana
Kikubaaqudgha
Makhleb
Nemelex Xobeh
Okawaru
Qazlal
Ru
Sif Muna
Trog
Uskayaw
Vehumet
Wu Jian
Xom
Yredelemnul
Zin
The Shining One

Shops:
D:1 ?=![   D:2 [   D:5 :

Annotations:
D:8 Psyche


Innate Abilities, Weirdness & Mutations

You have a pair of horns on your head.
You reflexively headbutt those who attack you in melee.


Message History

The unseen horror hits you!
* * * LOW HITPOINT WARNING * * *
The unseen horror barely misses you. You furiously retaliate!
You headbutt the unseen horror.
Your skin crawls.
You feel strong-willed.
The unseen horror hits you but does no damage.
The unseen horror barely misses you.
You slash the unseen horror! Your headbutt misses the unseen horror.
The unseen horror is almost dead.
The unseen horror closely misses you.
You hit the unseen horror. You headbutt the unseen horror.
You kill the unseen horror!
Trog accepts your kill.
Your Fighting skill increases to level 9!
Your Dodging skill increases to level 4!
Found a translucent steel ring.
A two-headed ogre comes into view.
It is wielding a +0 giant spiked club and a +0 dire flail.
A red film seems to cover your vision as you go berserk!
You feel yourself moving faster!
You feel mighty!
The two-headed ogre shouts in stereo!
You hear a shout!
The two-headed ogre hits you with a +0 giant spiked club.
The two-headed ogre closely misses you.
A cyclops comes into view.
You barely miss the two-headed ogre. You barely miss the two-headed ogre.
You headbutt the two-headed ogre!
The two-headed ogre is moderately wounded.
The two-headed ogre closely misses you. The two-headed ogre barely misses you.
You completely miss the two-headed ogre.
You headbutt the two-headed ogre.
The two-headed ogre is moderately wounded.
You completely miss the two-headed ogre.
The two-headed ogre is moderately wounded.
The two-headed ogre hits you with a +0 giant spiked club!!
The two-headed ogre hits you with a +0 dire flail.
* * * LOW HITPOINT WARNING * * *
You slash the two-headed ogre!
The two-headed ogre is severely wounded.
The cyclops throws a large rock.
The large rock hits you!!!
You die...

##..### #.#..# ### #..#.#
#.#..###.. #..###.###
#.#....... ## #..#. #.#.##
#....... .. ..# # ##.#.#
#....... .## # #.#.# #......#
.. #C### #......# .## #.#=#
#..[...# ...## ##@# #..)...# #
...### #.#O# #....... ###
...### #. ## #.......
..####...### #. ###.......
...........# .# ..#.......
###......#..# # #.#.....[.
##.....##..#### .. #.#.###...
#..[..# #....###..###.#.#####.
##.....######...###....#.##[...


You could see a two-headed ogre and a cyclops.

Vanquished Creatures
  Harold (D:7)
  Pikel (D:5)
  2 unseen horrors (D:7)
  2 trolls (D:7)
  Grinder (D:4)
  Sigmund (D:4)
  A wraith (D:5)
  A water moccasin (D:5)
  An orc warrior (D:4)
  2 black bears
  2 ogres (D:5)
  A necrophage (D:5)
  4 lemures (D:5)
  A phantom (D:6)
  3 centaurs
  A bullfrog (D:8)
  Blork the orc (D:4)
  2 scorpions (D:5)
  A wyvern zombie (D:5)
  A wyvern skeleton (D:6)
  9 wights (D:6)
  A bullfrog zombie (D:7)
  A centaur zombie (D:5)
  6 hounds
  An orc priest (D:4)
  A gnoll shaman (D:4)
  Natasha (thrice) (D:2)
  2 iguanas
  2 orc wizards
  A hound skeleton (D:4)
  A howler monkey zombie (D:7)
  11 adders
  5 gnolls (D:4)
  A howler monkey skeleton (D:5)
  A shadow imp (D:5)
  An adder skeleton (D:4)
  3 worms
  4 dart slugs (D:2)
  27 orcs
  6 ball pythons
  4 endoplasms
  2 giant cockroaches
  8 goblins
  13 hobgoblins
  10 jackals
  12 kobolds
  5 quokkas
  5 bats
  3 frilled lizards
  A rat (D:1)
180 creatures vanquished.

Vanquished Creatures (others)
  12 fungi (D:5)
  A plant (D:6)
13 creatures vanquished.

Grand Total: 193 creatures vanquished

Notes
Turn   | Place    | Note
-------+----------+-------------------------------------------
     0 | D:1      | snetch the Minotaur Berserker began the quest for the Orb.
     0 | D:1      | Reached XP level 1. HP: 19/19 MP: 0/0
    19 | D:1      | Found a faded altar of an unknown god.
    71 | D:1      | Found Geezuo's Armour Shop.
   135 | D:1      | Reached XP level 2. HP: 21/27 MP: 1/1
   207 | D:1      | Found Ecus Lay's Distillery.
   349 | D:1      | Reached skill level 4 in Axes
   471 | D:1      | Found Noynwudy's Magic Scroll Emporium.
   552 | D:1      | Found Uciyghodu's Jewellery Emporium.
   832 | D:2      | Reached XP level 3. HP: 29/33 MP: 2/2
   872 | D:2      | Found Ymputauj's Armour Shoppe.
   906 | D:2      | Reached ** piety under Trog
  1249 | D:2      | Reached XP level 4. HP: 37/41 MP: 3/3
  1473 | D:2      | Noticed Natasha
  1480 | D:2      | Killed Natasha
  1481 | D:2      | Reached skill level 5 in Axes
  1520 | D:2      | Noticed Natasha
  1536 | D:2      | Killed Natasha
  1961 | D:2      | Noticed Natasha
  1970 | D:2      | Killed Natasha
  1971 | D:2      | Reached XP level 5. HP: 44/47 MP: 4/4
  2126 | D:4      | Noticed Blork the orc
  2138 | D:4      | Killed Blork the orc
  2139 | D:4      | Reached skill level 6 in Axes
  2153 | D:4      | Reached skill level 5 in Fighting
  2153 | D:4      | Reached XP level 6. HP: 49/56 MP: 5/5
  2390 | D:3      | Reached *** piety under Trog
  2544 | D:3      | Reached skill level 5 in Armour
  2958 | D:5      | Entered Level 5 of the Dungeon
  3279 | D:4      | Noticed Grinder
  3296 | D:4      | Killed Grinder
  3297 | D:4      | Reached skill level 7 in Axes
  3297 | D:4      | Reached XP level 7. HP: 58/62 MP: 6/6
  3341 | D:4      | Noticed Sigmund
  3370 | D:4      | Killed Sigmund
  3542 | D:4      | Reached skill level 8 in Axes
  4122 | D:5      | Reached XP level 8. HP: 66/71 MP: 7/7
  4232 | D:5      | Reached skill level 9 in Axes
  4483 | D:5      | Found Xutoreasi's Book Boutique.
  4707 | D:5      | Reached skill level 10 in Axes
  5273 | D:5      | Reached XP level 9. HP: 67/77 MP: 8/8
  5285 | D:5      | Reached skill level 1 in Throwing
  5438 | D:5      | Reached **** piety under Trog
  5545 | D:5      | Found a staircase to the Ecumenical Temple.
  5556 | Temple   | Entered the Ecumenical Temple
  5714 | D:5      | Noticed Pikel
  5729 | D:5      | Killed Pikel
  6319 | D:6      | Reached skill level 11 in Axes
  7372 | D:8      | Noticed Psyche
  7494 | D:7      | Found a basalt altar of Yredelemnul.
  7536 | D:7      | Noticed Harold
  7546 | D:7      | Killed Harold
  7547 | D:7      | Reached skill level 12 in Axes
  7547 | D:7      | Reached XP level 10. HP: 33/90 MP: 9/9
  7935 | D:7      | Identified the ring "Iwutaif" {rC+ SInv}
  7977 | D:7      | Noticed a two-headed ogre
  7978 | D:7      | Noticed a cyclops
  7983 | D:7      | Hit by a large rock thrown by a cyclops

Illustrated notes

Levels and vault maps discovered:
D:1:      lemuel_arrival_room, layout_loops_cross,
          ebering_ecumenical_altar_rust, serial_shops, shop,
          nicolae_shop_crystal, shop, shop
D:2:      layout_loops_cross, serial_shops, shop, kennysheep_generic_room_11,
          uniq_natasha
D:3:      layout_loops_ring, kennysheep_minor_cross
D:4:      layout_basic, guppyfry_early_orc_mine, uniq_grinder,
          uniq_blork_the_orc, uniq_sigmund
D:5:      old_forge, layout_layer_cave, minmay_temple_entry_statues_fountains,
          serial_shops, nicolae_shop_statue_plus, st_stairs_11, uniq_pikel
D:6:      corexii_shack_village, layout_rooms, minmay_between
D:7:      minmay_the_grid_triangle_9x9_recursive_2
          [minmay_the_grid_triangle_9x9_prize_special,
          minmay_the_grid_triangle_9x9_intruding_spiral,
          minmay_the_grid_triangle_9x9_cache,
          minmay_the_grid_triangle_9x9_flanged_cone], layout_layer_cave,
          lemuel_zombie_altar_yredelemnul, minivault_24, uniq_duvessa,
          uniq_harold
D:8:      layout_rooms, uniq_psyche
Temple:   compressed_dpeg_circular_temple

Skill      XL: |  1  2  3  4  5  6  7  8  9 10 |
---------------+-------------------------------+-----
Fighting       | 4 5 6 7 8 9 |  9.0
Axes           | 4 5 6 7 8 10 12 | 12.8
Armour         | 3 4 5 6 7 9 |  9.6
Dodging        | 3 4 |  4.0
Throwing       | 1 |  1.3
Stealth        | |  0.6

Action                   |  1- 3 |  4- 6 |  7- 9 | 10-12 || total
-------------------------+-------+-------+-------+-------++-------
Melee: Hand axe          |    85 |   144 |    39 |       ||   268
       Headbutt          |    10 |    20 |    62 |     8 ||   100
       War axe           |       |       |   202 |    30 ||   232
Throw: Dart              |       |       |     8 |       ||     8
Invok: Berserk           |       |     2 |     5 |     1 ||     8
       Trog's Hand       |       |     3 |     1 |     1 ||     5
Armor: Animal skin       |     2 |       |       |       ||     2
       Plate armour      |    54 |    62 |    80 |       ||   196
       Chain mail        |       |       |    56 |    16 ||    72
Dodge: Dodged            |    54 |    78 |   124 |    22 ||   278
